 Dungeon Crawl Stone Soup version 0.22.1-1-ga44c0e56f4 (webtiles) character file.

17886 Riddle the Demolition Ant (level 12, 0/81 HPs)
             Began as a Formicid Fighter on Oct 6, 2018.
             Was an Elder of Makhleb.
             Slain by an eight-headed hydra (8 damage)
             ... on level 3 of the Lair of Beasts.
             The game lasted 00:38:13 (19024 turns).

Riddle the Demolition Ant (Formicid Fighter)       Turns: 19024, Time: 00:38:15

Health: 0/81       AC: 17    Str: 24    XL:     12   Next: 88%
Magic:  24/24      EV: 10    Int:  9    God:    Makhleb [****..]
Gold:   641        SH: 12    Dex: 11    Spells: 11/11 levels left

rFire    + + .     SeeInvis +   M - +1 scimitar (flame)
rCold    + . .     Gourm    +   c - +0 shield
rNeg     . . .     Faith    .   v - +5 scale mail {rF+}
rPois    .         Spirit   .   (helmet unavailable)
rElec    .         Reflect  .   m - +0 cloak
rCorr    .         Harm     .   G - +1 pair of gloves
MR       +....                  (no boots)
Stlth    ..........             C - amulet of the gourmand
HPRegen  0.23/turn              a - ring of protection from fire
MPRegen  0.19/turn              I - ring of protection from cold

@: lethally poisoned (0 -> -2)
A: permanent stasis, dig shafts and tunnels, four strong arms, antennae 3
a: Dig, Shaft Self, Minor Destruction, Lesser Servant of Makhleb, Major
Destruction, Renounce Religion


You were on level 3 of the Lair of Beasts.
You worshipped Makhleb.
Makhleb was greatly pleased with you.
You were full.

You visited 3 branches of the dungeon, and saw 14 of its levels.
You also visited: Bailey.

You collected 641 gold pieces.

Inventory:

Hand Weapons
 B - a +4 demon whip
 M - a +1 scimitar of flaming (weapon)
Armour
 c - a +0 shield (worn)
 m - a +0 cloak (worn)
 v - a +5 scale mail of fire resistance (worn)
 G - a +1 pair of gloves (worn)
Jewellery
 a - a ring of protection from fire (left hand)
 j - a +2 ring of protection
 n - an uncursed amulet of guardian spirit
 C - an amulet of the gourmand (around neck)
 F - an uncursed ring of wizardry
 I - a ring of protection from cold (right hand)
 L - a +2 ring of dexterity
Wands
 r - a wand of flame (21)
 x - a wand of enslavement (21)
 y - a wand of paralysis (11)
 z - a wand of polymorph (16)
 A - a wand of random effects (30)
 E - a wand of iceblast (17)
 H - a wand of acid (11)
Scrolls
 l - 5 scrolls of identify
 p - 8 scrolls of remove curse
 u - a scroll of vulnerability {unknown}
 D - 5 scrolls of enchant armour
 N - a scroll of fear {unknown}
Potions
 b - a potion of magic {unknown}
 d - a potion of might
 e - 2 potions of ambrosia {unknown}
 g - 4 potions of degeneration {unknown}
 h - a potion of flight {unknown}
 i - 3 potions of heal wounds {unknown}
 k - a potion of berserk rage {unknown}
 o - 3 potions of mutation {unknown}
 q - 2 potions of haste {unknown}
 s - 2 potions of cancellation {unknown}
 t - 3 potions of brilliance {unknown}
 w - 2 potions of lignification {unknown}
 J - a potion of resistance {unknown}
 K - 5 potions of agility {unknown}
Comestibles
 f - 25 rations


   Skills:
 - Level 3.2 Fighting
   Level 2.0 Axes
 - Level 10.0 Armour
 - Level 11.0 Shields
 * Level 17.7 Invocations


You had 11 spell levels left.
You didn't know any spells.
Your spell library contained the following spells:

 Spells                   Type           Power        Failure   Level  Hunger
 Shock                    Conj/Air       #...         63%         1    ##.....
 Sting                    Conj/Pois      #...         63%         1    ##.....
 Summon Butterflies       Summ           #.......     63%         1    ##.....
 Poisonous Vapours        Pois/Air       #.....       77%         2    ###....
 Swiftness                Chrm/Air       #.......     77%         2    ###....
 Call Canine Familiar     Summ           #.......     94%         3    ####...
 Mephitic Cloud           Conj/Pois/Air  #.......     94%         3    ####...
 Static Discharge         Conj/Air       #.......     94%         3    ####...
 Airstrike                Air            #.........   100%        4    #####..
 Olgreb's Toxic Radiance  Pois           #.......     100%        4    #####..
 Summon Ice Beast         Ice/Summ       #.......     100%        4    #####..
 Lightning Bolt           Conj/Air       #.........   100%        5    ######.
 Summon Mana Viper        Hex/Summ       #.......     100%        5    ######.
 Venom Bolt               Conj/Pois      #.........   100%        5    ######.
 Summon Hydra             Summ           #.........   100%        7    #######


Dungeon Overview and Level Annotations

Branches:
Dungeon (10/15)            Temple (1/1) D:7            Lair (3/6) D:10
 Spider (0/4) Lair:2
  Swamp: Lair:2-4    Shoals: Lair:2-4       Orc: D:9-12

Altars:
Ashenzari
Cheibriados
Dithmenos
Elyvilon
Fedhas
Gozag
Hepliaklqana
Kikubaaqudgha
Makhleb
Nemelex Xobeh
Okawaru
Qazlal
Ru
Sif Muna
Trog
Uskayaw
Vehumet
Wu Jian
Xom
Yredelemnul
Zin
The Shining One

Shops:
D:7 (

Annotations:
D:3 Grinder
D:6 3 runed doors, Riddle's ghost, novice DsMo
Lair:2 exclusion: oklob plant


Innate Abilities, Weirdness & Mutations

You cannot be hasted, slowed, berserked, paralysed or teleported.
You can dig through walls and to a lower floor.
Your four strong arms can wield two-handed weapons with a shield.
You have a pair of large antennae on your head. (SInv)


Message History

The eight-headed hydra bites you but does no damage.
The eight-headed hydra barely misses you.
Okay, then.
Your +1 scimitar of flaming bursts into flame!
M - a +1 scimitar of flaming (weapon)
You feel sick. You block the bullfrog's attack.
You hit the eight-headed hydra. You burn the eight-headed hydra.
The eight-headed hydra is lightly wounded.
You feel sick. You block the bullfrog's attack.
The eight-headed hydra bites you! x2
* * * LOW HITPOINT WARNING * * *
You block the eight-headed hydra's attack.
The eight-headed hydra bites you but does no damage. x2
You block the eight-headed hydra's attack.
The eight-headed hydra bites you.
* * * LOW HITPOINT WARNING * * *
The eight-headed hydra bites you!
* * * LOW HITPOINT WARNING * * *
You block the bullfrog's attack. The eight-headed hydra bites you!
You die...

##... #...## #....#
.....# #{... #...P#
##..Y. .....#
#...Y.###...## ..
#...Y#{#....# ...
#...Y{#S...# ...#
.##...##Dk...###...#
..)...F@##....#....#
......###.D....#...##
..... .#.#....##....#
###. .........##....#
# ...........#...#
.........##....##
...##.....##....# .
..# #.....##....# ..
.. #......#...###..


You could see an eight-headed hydra, a rime drake, a water moccasin and a
bullfrog.

Vanquished Creatures
  Gastronok (Lair:1)
  A hydra (Lair:2)
  Erica (D:9)
  An unseen horror (D:10)
  Pikel (D:5)
  5 elephants (Lair:2)
  A black mamba (Lair:1)
  Joseph (D:9)
  A spiny frog (Lair:1)
  A queen bee (Lair:1)
  A troll (D:10)
  A hippogriff (D:8)
  Sigmund (D:3)
  A spriggan (D:7)
  18 yaks
  3 basilisks
  2 hungry ghosts
  Menkaure (D:5)
  A water moccasin (Lair:1)
  2 porcupines
  3 ice beasts
  12 orc warriors
  A phantom (D:4)
  A sky beast (D:7)
  An ogre (D:7)
  3 necrophages
  11 centaurs
  5 crocodiles
  9 bullfrogs
  A gnoll sergeant (D:8)
  2 scorpions
  28 killer bees
  An electric eel (Lair:2)
  5 howler monkeys
  A bullfrog zombie (D:9)
  2 crimson imps
  4 hounds
  2 quasits
  2 bullfrog skeletons
  Crazy Yiuf (D:5)
  A jelly (D:3)
  5 orc priests
  Terence (D:3)
  5 orc wizards
  7 worker ants
  2 hound zombies
  2 hound skeletons
  2 worker ant zombies
  A howler monkey zombie (D:6)
  10 gnolls (D:8)
  15 adders
  4 shadow imps
  2 oozes
  An adder skeleton (D:7)
  2 worms (D:2)
  5 dart slugs
  4 leopard geckos
  42 orcs
  8 giant cockroaches
  10 goblins
  6 hobgoblins
  4 jackals (D:9)
  3 quokkas
  A ball python (D:3)
  8 bats
  6 frilled lizards
  9 kobolds
  A quokka skeleton (D:8)
  2 rats (D:1)
309 creatures vanquished.

Vanquished Creatures (others)
  3 fungi (Lair:3)
3 creatures vanquished.

Grand Total: 312 creatures vanquished

Notes
Turn   | Place    | Note
-------+----------+-------------------------------------------
     0 | D:1      | Riddle the Formicid Fighter began the quest for the Orb.
     0 | D:1      | Reached XP level 1. HP: 18/18 MP: 1/1
    86 | D:1      | Reached XP level 2. HP: 23/24 MP: 2/2
   285 | D:1      | Reached XP level 3. HP: 27/29 MP: 3/3
   856 | D:2      | Reached XP level 4. HP: 35/35 MP: 4/4
  1281 | D:2      | Reached skill level 5 in Shields
  2006 | D:3      | Noticed Grinder
  2263 | D:3      | Noticed Sigmund
  2286 | D:3      | Killed Sigmund
  2286 | D:3      | Reached skill level 5 in Armour
  2286 | D:3      | Reached XP level 5. HP: 10/41 MP: 5/5
  2286 | D:3      | Reached XP level 6. HP: 12/47 MP: 6/6
  2770 | D:3      | Noticed Terence
  2778 | D:3      | Killed Terence
  2832 | D:3      | Found a sacrificial altar of Ru.
  3297 | D:4      | Reached XP level 7. HP: 37/52 MP: 7/7
  3682 | D:4      | Found a bloodstained altar of Trog.
  3783 | D:4      | Found a shadowy altar of Dithmenos.
  3912 | D:4      | Found a radiant altar of Vehumet.
  3981 | D:5      | Entered Level 5 of the Dungeon
  4129 | D:5      | Found a hazy altar of Hepliaklqana.
  4143 | D:5      | Noticed Pikel
  4177 | D:5      | Killed Pikel
  4177 | D:5      | Reached XP level 8. HP: 46/58 MP: 8/8
  4630 | D:5      | Found a runed door.
  4887 | D:5      | Noticed Crazy Yiuf
  4887 | D:5      | Noticed Menkaure
  4892 | D:5      | Killed Menkaure
  4902 | D:5      | Killed Crazy Yiuf
  5326 | D:6      | Found a runed gate.
  5326 | D:6      | Found a runed gate.
  5326 | D:6      | Found a runed gate.
  5385 | D:6      | Noticed Riddle's ghost (novice DsMo)
  5479 | D:6      | Reached XP level 9. HP: 49/64 MP: 9/9
  5660 | D:6      | Found a deep blue altar of Sif Muna.
  5992 | D:7      | Found a shadowy altar of Dithmenos.
  6299 | D:7      | Found Viosypot's Weapon Boutique.
  6328 | D:7      | Reached skill level 10 in Shields
  6794 | D:7      | Found a shattered altar of Ashenzari.
  6980 | D:7      | Found a staircase to the Ecumenical Temple.
  7412 | D:7      | Reached skill level 10 in Armour
  8052 | Temple   | Entered the Ecumenical Temple
  8229 | Temple   | Became a worshipper of Makhleb the Destroyer
  8320 | D:8      | Reached skill level 1 in Invocations
  8367 | D:8      | Found a flagged portal.
  8383 | D:8      | Reached skill level 2 in Invocations
  8402 | Bailey   | Entered a bailey
  8446 | Bailey   | Reached skill level 3 in Invocations
  8699 | Bailey   | Reached * piety under Makhleb
  8797 | Bailey   | Reached skill level 4 in Invocations
  9031 | Bailey   | Reached XP level 10. HP: 69/69 MP: 13/13
  9047 | Bailey   | Reached skill level 5 in Invocations
  9706 | Bailey   | Reached skill level 6 in Invocations
  9980 | Bailey   | Reached skill level 7 in Invocations
 10191 | Bailey   | Reached skill level 8 in Invocations
 10580 | Bailey   | Reached skill level 9 in Invocations
 11050 | D:8      | Reached ** piety under Makhleb
 11079 | D:8      | Reached skill level 10 in Invocations
 11526 | D:8      | Reached skill level 11 in Invocations
 11901 | D:8      | Reached XP level 11. HP: 71/74 MP: 19/19
 12128 | D:9      | Found a radiant altar of Vehumet.
 12147 | D:9      | Noticed a two-headed ogre
 12169 | D:9      | Noticed Joseph
 12477 | D:9      | Reached skill level 12 in Invocations
 12540 | D:9      | Killed Joseph
 13069 | D:9      | Reached *** piety under Makhleb
 13187 | D:9      | Found a sparkling altar of Nemelex Xobeh.
 13736 | D:9      | Found a white marble altar of Elyvilon.
 13739 | D:9      | Found a deep blue altar of Sif Muna.
 13742 | D:9      | Found a glowing golden altar of the Shining One.
 13837 | D:9      | Reached skill level 13 in Invocations
 14133 | D:9      | Noticed Erica
 14144 | D:9      | Killed Erica
 14417 | D:10     | Entered Level 10 of the Dungeon
 14433 | D:10     | Noticed an unseen horror
 14487 | D:10     | Killed an unseen horror
 14487 | D:10     | Reached skill level 14 in Invocations
 14803 | D:10     | Found a staircase to the Lair.
 15139 | Lair:1   | Entered Level 1 of the Lair of Beasts
 15680 | Lair:1   | Reached skill level 15 in Invocations
 15690 | Lair:1   | Reached **** piety under Makhleb
 15695 | Lair:1   | Reached XP level 12. HP: 59/81 MP: 23/23
 16629 | Lair:1   | Noticed Gastronok
 16885 | Lair:1   | Reached skill level 16 in Invocations
 17147 | Lair:1   | Killed Gastronok
 17397 | Lair:2   | Reached skill level 17 in Invocations
 17589 | Lair:2   | Found a hole to the Spider Nest.
 17595 | Lair:2   | Noticed a six-headed hydra
 17611 | Lair:2   | Killed a six-headed hydra
 19004 | Lair:3   | Noticed an eight-headed hydra
 19024 | Lair:3   | Slain by an eight-headed hydra

Skill      XL: |  1  2  3  4  5  6  7  8  9 10 11 12 |
---------------+-------------------------------------+-----
Shields        | 4 6 8 9 11 | 11.0
Armour         | 4 5 6 8 10 | 10.0
Invocations    | 4 11 15 17 | 17.7
Fighting       | |  3.2
Axes           | |  2.0

Action                   |  1- 3 |  4- 6 |  7- 9 | 10-12 || total
-------------------------+-------+-------+-------+-------++-------
Melee: War axe           |   101 |   154 |   143 |       ||   398
       Whip              |       |       |   605 |   682 ||  1287
       Quarterstaff      |       |       |     3 |       ||     3
       Scimitar          |       |       |       |   127 ||   127
       Demon whip        |       |       |       |    92 ||    92
Invok: Minor Destruction |       |       |       |   317 ||   317
 Abil: Dig               |       |     2 |     8 |    13 ||    23
Evoke: Wand              |       |       |     2 |     3 ||     5
  Use: Scroll            |       |     1 |     8 |     8 ||    17
       Potion            |       |       |     2 |     4 ||     6
  Eat: Chunk             |       |     4 |    21 |    47 ||    72
       Ration            |       |     1 |     1 |     4 ||     6
Armor: Scale mail        |    33 |    27 |   271 |   541 ||   872
       Ring mail         |    16 |    46 |       |       ||    62
Dodge: Dodged            |    34 |    53 |   234 |   402 ||   723
Block: Shield            |    60 |    95 |   473 |   785 ||  1413
       Rpst.: Scimitar   |       |       |       |    16 ||    16
